 Dungeon Crawl Stone Soup version 0.29-a0-364-g921d912d32 (webtiles) character file.

Game seed: 11455969398143661966

158 lesaewzxc the Sneak (level 5, -6/32 HPs)
             Began as a Kobold Brigand on Apr 30, 2022.
             Was a High Priest of Ignis.
             Killed by divine providence
             ... invoked by an orc priest
              (11 damage)
             ... on level 5 of the Dungeon.
             The game lasted 00:10:17 (1951 turns).

lesaewzxc the Sneak (Kobold Brigand)                Turns: 1951, Time: 00:10:18

Health: -6/32      AC:  7    Str: 11    XL:     5   Next: 66%
Magic:  6/6        EV: 14    Int: 12    God:    Ignis [*****.]
Gold:   91         SH:  0    Dex: 16    Spells: 5/6 levels left

rFire   + . .      SeeInvis .   h - +0 short sword (holy)
rCold   . . .      Faith    .   (no shield)
rNeg    . . .      Spirit   .   f - +0 leather armour
rPois   .          Reflect  .   l - +2 helmet
rElec   .          Harm     .   c - +0 cloak
rCorr   .          Rampage  .   (no gloves)
Will    .....                   (no boots)
Stlth   ++++......              (no amulet)
HPRegen 0.10/turn               (no ring)
MPRegen 0.10/turn               (no ring)

@: no status effects
A: small, no large weapons, nightstalker 3
a: Renounce Religion, Fiery Armour, Foxfire Swarm, Rising Flame


You were on level 5 of the Dungeon.
You worshipped Ignis.
Ignis was extremely pleased with you.
You visited 1 branch of the dungeon, and saw 5 of its levels.

You collected 91 gold pieces.

Inventory:

Hand Weapons
 a - a +2 dagger
 h - a +0 short sword of holy wrath (weapon)
Missiles
 d - 13 poisoned darts
 e - 3 curare-tipped darts
 i - 5 large rocks
Armour
 b - a +0 robe
 c - a +0 cloak (worn)
 f - a +0 leather armour (worn)
 l - a +2 helmet (worn)
Magical Staves
 m - a staff of cold
Jewellery
 j - an amulet of the acrobat
 k - an amulet of magic regeneration
Scrolls
 n - 4 scrolls of identify {unknown}
 p - a scroll of fear
 q - a scroll of noise {unknown}
Potions
 g - 2 potions of flight {unknown}
 o - a potion of lignification {unknown}


   Skills:
 + Level 2.8 Fighting
 + Level 3.3 Short Blades
 + Level 2.9 Throwing
 + Level 1.0 Armour
 + Level 2.1 Dodging
 + Level 5.8 Stealth
 + Level 1.1 Spellcasting
 + Level 1.2 Necromancy
 + Level 1.4 Invocations
 + Level 1.3 Evocations


You had 5 spell levels left.
You knew the following spells:

 Your Spells              Type           Power      Damage    Failure   Level
a - Animate Skeleton      Necr           6%         N/A       24%         1

Your spell library contained the following spells:

 Spells                   Type           Power      Damage    Failure   Level
 Apportation              Tloc           0%         N/A       36%         1
 Sandblast                Erth           0%         2d4       36%         1
 Summon Small Mammal      Summ           0%         N/A       36%         1
 Passwall                 Tmut/Erth      0%         N/A       52%         2
 Gell's Gravitas          Tloc           0%         N/A       75%         3
 Stone Arrow              Conj/Erth      0%         3d7       75%         3
 Teleport Other           Tloc           0%         N/A       75%         3
 Dispersal                Tloc           0%         N/A       100%        6


Dungeon Overview and Level Annotations

Branches:
Dungeon (5/15)
 Temple: D:4-7

Altars:
Vehumet
Ignis

Shops:
D:1 *


Innate Abilities, Weirdness & Mutations

You are small and have problems with some larger weapons.
You are completely attuned to the shadows.


Message History

The orc shouts!
You hit the orc priest.
The orc priest is lightly wounded.
You hear a shout! x2
The orc priest invokes the aid of Beogh against you.
Beogh smites you!
You hit the orc priest.
The orc priest is moderately wounded.
You hit the orc priest.
The orc priest is heavily wounded.
The orc priest misses you.
You closely miss the orc priest. You punch the orc priest.
The orc priest is heavily wounded.
The orc closely misses you. The orc priest barely misses you.
An orc comes into view. It is wielding a +0 short sword.
An orc priest comes into view. It is wielding a +0 flail.
You hit the orc priest.
The orc priest is heavily wounded.
The orc misses you. x2
There is nothing nearby to animate!
The orc attacks as you move away! The orc closely misses you.
The orc attacks as you move away! The orc closely misses you.
The orc hits you but does no damage.
The orc priest invokes the aid of Beogh against you.
Beogh smites you!
* * * LOW HITPOINT WARNING * * *
The orc priest attacks as you move away!
The orc priest misses you. The orc attacks as you move away!
The orc closely misses you.
An orc comes into view. It is wielding a +0 flail.
The orc attacks as you move away! The orc barely misses you.
The orc closely misses you.
The orc priest begins to cast a cantrip, but forgets the words!
The orc attacks as you move away! The orc misses you.
The orc hits you with a +0 whip.
* * * LOW HITPOINT WARNING * * *
The orc priest looks satisfied for a moment.
The orc priest invokes the aid of Beogh against you.
Beogh smites you!
You die...

#.. #.###
#<..# #.#.#
#.# # #.#.#
# #.#.#.#
####.#.#.##
....@o.....
...oo......
####oo...##
#..o..#
#ooo..#
#.o...#
#####.....#
+.........#
###..o......


You could see 3 orc priests and 6 orcs.

Vanquished Creatures
  A phantom (D:3)
  Natasha (D:3)
  2 adders (D:3)
  A worm (D:3)
  2 dart slugs (D:1)
  An orc (D:3)
  4 endoplasms (D:1)
  A giant cockroach (D:3)
  4 goblins
  3 hobgoblins (D:3)
  3 jackals
  A kobold (D:3)
  4 quokkas
  A ball python (D:1)
  7 bats
  2 frilled lizards (D:1)
38 creatures vanquished.

Notes
Turn   | Place    | Note
-------+----------+-------------------------------------------
     0 | D:1      | lesaewzxc the Kobold Brigand began the quest for the Orb.
     0 | D:1      | Reached XP level 1. HP: 12/12 MP: 1/1
   139 | D:1      | Reached XP level 2. HP: 6/18 MP: 2/2
   413 | D:1      | Found a faded altar of an unknown god.
   437 | D:1      | Prayed at the altar of an unknown god.
   437 | D:1      | Became a worshipper of Ignis, the Dying Flame
   764 | D:1      | Reached XP level 3. HP: 7/22 MP: 3/3
  1249 | D:1      | Found Aguom's Assorted Antiques.
  1509 | D:3      | Reached XP level 4. HP: 27/27 MP: 4/4
  1510 | D:3      | Noticed a phantom
  1531 | D:3      | Found a radiant altar of Vehumet.
  1534 | D:3      | Killed a phantom
  1535 | D:3      | Reached skill level 1 in Spellcasting
  1535 | D:3      | Reached skill level 1 in Invocations
  1535 | D:3      | Reached skill level 1 in Evocations
  1535 | D:3      | Reached XP level 5. HP: 22/31 MP: 4/6
  1542 | D:3      | Reached skill level 1 in Necromancy
  1705 | D:3      | Reached skill level 1 in Armour
  1800 | D:3      | Noticed Natasha
  1814 | D:3      | Killed Natasha
  1909 | D:5      | Entered Level 5 of the Dungeon
  1916 | D:5      | Learned a level 1 spell: Animate Skeleton
  1951 | D:5      | Killed from afar by an orc priest

Illustrated notes

Levels and vault maps discovered:
D:1:      co_arrival_random_square_maze, layout_loops_corners, serial_shops,
          shop, basic_ecumenical_altar
D:2:      layout_basic, minmay_misc_feat_iff, uniq_jessica
D:3:      layout_loops_ring, lemuel_tele_altar, uniq_terence, uniq_natasha
D:4:      layout_rooms
D:5:      lemuel_ratsnest, layout_basic, lemuel_round_altar,
          minmay_tree_intersection

Skill      XL: |  1  2  3  4  5 |
---------------+----------------+-----
Short Blades   | 3 |  3.3
Dodging        | 2 |  2.1
Spellcasting   | 1 |  1.1
Invocations    | 1 |  1.4
Evocations     | 1 |  1.3
Necromancy     | 1 |  1.2
Armour         | 1 |  1.0
Fighting       | |  2.8
Throwing       | |  2.9
Stealth        | |  5.8

Action                   |  1- 3 |  4- 6 || total
-------------------------+-------+-------++-------
Melee: Dagger            |    19 |       ||    19
       Short sword       |    44 |    82 ||   126
       Punch             |       |     4 ||     4
  Use: Scroll            |     1 |       ||     1
 Stab: Sleeping          |    13 |     3 ||    16
Armor: Robe              |     1 |       ||     1
       Leather armour    |     7 |    22 ||    29
Dodge: Dodged            |    40 |    69 ||   109

Table legend: (Time is in decaauts)
 A = Elapsed time spent in this place.
 B = Non-inter-level travel time spent in this place.
 C = Inter-level travel time spent in this place.
 D = Time resting spent in this place.
 E = Time spent auto-exploring this place.
 F = Levels seen in this place.
 G = Mean time per level.
                   A        B        C        D        E       F      G
               +--------+--------+--------+--------+--------+-----+--------+
         Total |   1939 |   1922 |     17 |      0 |    311 |   5 |  387.8 |
       Dungeon |   1939 |   1922 |     17 |      0 |    311 |   5 |  387.8 |
               +--------+--------+--------+--------+--------+-----+--------+

Top non-repeatable levels by time:
     D:1: 1272 daAuts
     D:3: 457 daAuts
     D:2: 134 daAuts
     D:5: 41 daAuts
     D:4: 33 daAuts
